 Dungeon Crawl Stone Soup version 0.19.5 (webtiles) character file.

24405 ihor the Carver (level 12, -13/112 HPs)
             Began as a Minotaur Fighter on Apr 21, 2017.
             Was an Elder of the Shining One.
             Killed from afar by Nessos (16 damage)
             ... with a wand of lightning
             ... on level 14 of the Dungeon.
             The game lasted 01:40:31 (13981 turns).

ihor the Carver (Minotaur Fighter)                 Turns: 13981, Time: 01:40:31

Health: -13/112    AC: 19    Str: 25    XL:     12   Next: 80%
Magic:  11/11      EV: 11    Int:  5    God:    the Shining One [****..]
Gold:   701        SH: 21    Dex: 11    Spells: 0 memorised, 11 levels left

rFire  + . .     SeeInvis .     Y - +4 scimitar (flame)
rCold  . . .     Gourm    .     o - +1 plate armour
rNeg   + + .     Faith    .     A - +0 shield
rPois  .         Spirit   .     (helmet restricted)
rElec  .         Reflect  +     (no cloak)
rCorr  +         Harm     .     F - +0 pair of gloves
MR     +....     Rnd*Rage +     B - +0 pair of boots
Stlth  ..........               L - +4 amulet of reflection
                                D - ring of resist corrosion
                                S - ring of protection from magic

@: lethally poisoned (-13 -> -37), about to teleport, glowing
A: retaliatory headbutt, horns 2, repulsion field 1, large bone plates 1,
berserk 1, blurry vision 1, fire resistance 1, subdued magic 1
a: Divine Shield, Cleansing Flame, Renounce Religion


You were on level 14 of the Dungeon.
You worshipped the Shining One.
The Shining One was greatly pleased with you.
You were not hungry.

You visited 1 branch of the dungeon, and saw 14 of its levels.

You collected 791 gold pieces.
You spent 90 gold pieces at shops.

Inventory:

Hand Weapons
 d - a +2 scimitar of flaming
 M - a +1 falchion of draining
 W - a +4 long sword
 Y - a +4 scimitar of flaming (weapon)
Armour
 c - a +0 shield
 g - +0 mottled dragon scales
 o - a +1 plate armour (worn)
 A - a +0 shield (worn)
 B - a +0 pair of boots (worn)
 F - a +0 pair of gloves (worn)
Magical Staves
 E - an uncursed staff of energy {unknown}
Jewellery
 e - an uncursed ring of protection from cold
 u - an uncursed amulet of faith
 x - a cursed -3 ring of slaying
 D - a ring of resist corrosion (right hand)
 L - a +4 amulet of reflection (around neck)
 Q - an uncursed amulet of harm
 S - a ring of protection from magic (left hand)
Wands
 b - a wand of enslavement (10/24)
 j - a wand of digging (9/24)
 N - a wand of acid (4/15)
 O - a wand of flame (26/48)
 X - a wand of iceblast (5/15)
Scrolls
 n - a scroll of fear
 q - 3 scrolls of enchant weapon
 t - 2 scrolls of recharging
 w - 3 scrolls of magic mapping
 y - 4 scrolls of teleportation
 z - 4 scrolls of remove curse
 H - 3 scrolls of noise
 J - a scroll of brand weapon {unknown}
 K - 2 scrolls of immolation
 P - 2 scrolls of amnesia
 Z - 6 scrolls of identify
Potions
 a - a potion of heal wounds
 h - 8 potions of curing
 k - 2 potions of invisibility
 s - 4 potions of lignification
 U - 2 potions of degeneration {unknown}
Books
 i - a book of Minor Magic

   Spells                             Type                      Level
   a - Magic Dart                     Conjuration                  1
   b - Blink                          Translocation                2
   c - Call Imp                       Summoning                    2
   d - Repel Missiles                 Charms/Air                   2
   e - Slow                           Hexes                        2
   f - Conjure Flame                  Conjuration/Fire             3
   g - Mephitic Cloud                 Conjuration/Poison/Air       3
 r - a book of Air

   Spells                             Type                      Level
   a - Shock                          Conjuration/Air              1
   b - Swiftness                      Charms/Air                   2
   c - Repel Missiles                 Charms/Air                   2
   d - Static Discharge               Conjuration/Air              3
   e - Lightning Bolt                 Conjuration/Air              5
 C - a book of Changes

   Spells                             Type                      Level
   a - Beastly Appendage              Transmutation                1
   b - Sticks to Snakes               Transmutation                2
   c - Spider Form                    Transmutation/Poison         3
   d - Ice Form                       Ice/Transmutation            4
   e - Blade Hands                    Transmutation                5
 I - a book of Frost

   Spells                             Type                      Level
   a - Freeze                         Ice                          1
   b - Throw Frost                    Conjuration/Ice              2
   c - Ozocubu's Armour               Charms/Ice                   3
   d - Throw Icicle                   Conjuration/Ice              4
   e - Summon Ice Beast               Ice/Summoning                4
 R - a book of Debilitation

   Spells                             Type                      Level
   a - Corona                         Hexes                        1
   b - Slow                           Hexes                        2
   c - Gell's Gravitas                Hexes/Translocation          3
   d - Inner Flame                    Hexes/Fire                   3
   e - Cause Fear                     Hexes                        4
   f - Leda's Liquefaction            Hexes/Earth                  4
 T - a book of Misfortune

   Spells                             Type                      Level
   a - Confusing Touch                Hexes                        1
   b - Confuse                        Hexes                        3
   c - Gell's Gravitas                Hexes/Translocation          3
   d - Petrify                        Transmutation/Earth          4
   e - Metabolic Englaciation         Hexes/Ice                    5
   f - Yara's Violent Unravelling     Hexes/Transmutation          5
 V - a book of Cantrips

   Spells                             Type                      Level
   a - Confusing Touch                Hexes                        1
   b - Animate Skeleton               Necromancy                   1
   c - Summon Small Mammal            Summoning                    1
   d - Apportation                    Translocation                1
Comestibles
 f - 14 bread rations
 l - a slice of pizza
 m - a fruit
 p - a beef jerky
 v - 2 meat rations
 G - a royal jelly


   Skills:
 * Level 12.3 Fighting
 - Level 14.0 Long Blades
 * Level 11.1 Armour
 * Level 4.9 Dodging
 + Level 1.3 Stealth
 + Level 13.7 Shields


You had 11 spell levels left.
You didn't know any spells.

Dungeon Overview and Level Annotations

Branches:
Dungeon (14/15)            Temple (0/1) D:7            Lair (0/6) D:8
    Orc (0/2) D:10         Vaults (0/5) D:13

Altars:
Elyvilon
Hepliaklqana
Kikubaaqudgha
Yredelemnul
The Shining One

Shops:
D:6 *   D:10 =

Annotations:
D:14 Nessos


Innate Abilities, Weirdness & Mutations

You reflexively headbutt those who attack you in melee.
You have a pair of horns on your head.
You are surrounded by a mild repulsion field. (EV +2)
You are partially covered in large bone plates. (SH +4)
You tend to lose your temper in combat.
Scrolls take you a little longer to read.
Your flesh is heat resistant. (rF+)
Your spells are a little easier to cast, but a little less powerful.


Message History

Really read with blurry vision while enemies are nearby? [Y]es or [N]o only, please.
Really read with blurry vision while enemies are nearby?
Uppercase [Y]es or [N]o only, please.
Really read with blurry vision while enemies are nearby?
* * * LOW HITPOINT WARNING * * *
You feel sick.
Nessos shoots an arrow.
You reflect the arrow off an invisible shield around you!
The arrow barely misses Nessos.
You begin reading the scroll.
You continue reading the scroll.
* * * LOW HITPOINT WARNING * * *
You feel very sick.
Nessos blinks!
Nessos shoots an arrow.
You reflect the arrow off an invisible shield around you!
The arrow barely misses Nessos.
As you read the scroll of teleportation, it crumbles to dust.
You feel strangely unstable.
* * * LOW HITPOINT WARNING * * *
You feel sick.
Nessos zaps a wand.
The bolt of lightning hits you!
You die...

.(ยง.z. +........#
.##.#..(.. #........#
....##..'## #........+
#.#..##...## #..<.....#
..##....zz.#####........#
#..##z#........#.....####
##....##.......'.....#...
.##.#..##......#.....'...
....##..@(.....#.....#...
#....##.(.##...#.....#.##
...........#...##########
#....##.........# #.
....##..........# #.
.##.#..##.......# #.
##....##.....c..# #.
#..##.#......... #.
.##........(..( #.


You could see Nessos and 3 skeletal warriors.

Vanquished Creatures
  Josephine (D:10)
  Erolcha (D:10)
  A hydra (D:12)
  2 vault guards (D:13)
  Erica (D:10)
  4 unseen horrors
  2 wizards (D:13)
  A necromancer (D:13)
  3 hill giants
  A cyclops (D:13)
  The ghost of Doomgape the Martial Artist, a novice DsMo (D:7)
  4 ugly things
  A manticore (D:13)
  2 gargoyles
  A kobold demonologist (D:12)
  An efreet (D:13)
  2 trolls
  A hippogriff (D:11)
  A spriggan (D:7)
  Sigmund (D:2)
  A shadow (D:13)
  4 wraiths (D:10)
  6 yaks (D:11)
  20 humans (D:13)
  2 hungry ghosts
  A mottled dragon (D:11)
  A soldier ant (D:12)
  2 orc warriors
  3 ice beasts
  2 phantoms
  5 sky beasts
  A black bear (D:7)
  A necrophage (D:6)
  4 ogres
  2 centaurs
  2 big kobolds (D:11)
  4 crocodiles
  9 bullfrogs
  4 scorpions
  A water moccasin skeleton (D:8)
  14 killer bees
  3 howler monkeys (D:8)
  9 wights
  2 electric eels (D:7)
  3 crimson imps
  A centaur zombie (D:10)
  5 orc priests
  3 bullfrog skeletons
  2 jellies
  A bullfrog zombie (D:5)
  9 hounds
  10 orc wizards
  5 iguanas
  5 worker ants
  A hound zombie (D:8)
  3 hound skeletons
  7 gnolls
  7 adders
  4 shadow imps
  An ooze (D:3)
  3 adder zombies
  2 adder skeletons
  A worm (D:4)
  3 dart slugs
  3 leopard geckos
  36 orcs
  9 bats
  7 giant cockroaches
  4 goblins
  9 hobgoblins
  7 jackals
  3 quokkas
  2 ball pythons
  8 frilled lizards
  14 kobolds
  8 rats
  A spectral orc (D:8)
322 creatures vanquished.

Vanquished Creatures (others)
  A centaur (D:13)
  2 orcs
3 creatures vanquished.

Grand Total: 325 creatures vanquished

Notes
Turn   | Place    | Note
-------+----------+-------------------------------------------
     0 | D:1      | ihor the Minotaur Fighter began the quest for the Orb.
     0 | D:1      | Reached XP level 1. HP: 19/19 MP: 0/0
   114 | D:1      | Reached XP level 2. HP: 21/27 MP: 1/1
   351 | D:1      | Gained mutation: You are partially covered in large bone plates. (SH +4) [potion of mutation]
   351 | D:1      | Gained mutation: Your spells are a little easier to cast, but a little less powerful. [potion of mutation]
   351 | D:1      | Gained mutation: Scrolls take you a little longer to read. [potion of mutation]
   420 | D:1      | Reached XP level 3. HP: 33/33 MP: 2/2
   625 | D:1      | Reached skill level 3 in Long Blades
   893 | D:2      | Found a hazy altar of Hepliaklqana.
   976 | D:2      | Noticed Sigmund
   990 | D:2      | Killed Sigmund
   990 | D:2      | Reached skill level 5 in Long Blades
   990 | D:2      | Reached XP level 4. HP: 38/41 MP: 3/3
   990 | D:2      | Reached XP level 5. HP: 43/47 MP: 4/4
  1507 | D:3      | Reached XP level 6. HP: 50/53 MP: 5/5
  1667 | D:3      | Learned a level 5 spell: Blade Hands
  1966 | D:3      | Reached skill level 5 in Shields
  2138 | D:4      | Reached skill level 6 in Long Blades
  2826 | D:4      | Reached skill level 5 in Armour
  2826 | D:4      | Reached XP level 7. HP: 58/60 MP: 6/6
  2848 | D:4      | Reached skill level 7 in Long Blades
  2853 | D:4      | Gained mutation: You tend to lose your temper in combat. [potion of mutation]
  2853 | D:4      | Gained mutation: You are surrounded by a mild repulsion field. (EV +2) [potion of mutation]
  2853 | D:4      | Gained mutation: Your flesh is heat resistant. (rF+) [potion of mutation]
  3030 | D:5      | Entered Level 5 of the Dungeon
  3441 | D:6      | HP: 3/60 [orc priest/nerve-wracking pain (8)]
  3454 | D:5      | Reached skill level 8 in Long Blades
  3454 | D:5      | Reached skill level 1 in Stealth
  3883 | D:5      | Reached XP level 8. HP: 60/67 MP: 7/7
  4212 | D:5      | Found a glowing golden altar of the Shining One.
  4216 | D:5      | Found an ancient bone altar of Kikubaaqudgha.
  4222 | D:5      | Found a white marble altar of Elyvilon.
  4256 | D:5      | Became a worshipper of the Shining One
  4584 | D:6      | Found Qoosimua's General Store.
  4592 | D:6      | Bought a scroll of enchant weapon for 90 gold pieces
  4635 | D:6      | Reached skill level 5 in Fighting
  4657 | D:6      | Reached skill level 1 in Dodging
  4664 | D:6      | Reached skill level 9 in Long Blades
  5596 | D:7      | Reached * piety under the Shining One
  5605 | D:7      | Reached skill level 10 in Long Blades
  5614 | D:7      | Reached XP level 9. HP: 71/75 MP: 8/8
  6079 | D:7      | Found a staircase to the Ecumenical Temple.
  6128 | D:7      | Noticed Doomgape's ghost (novice DsMo)
  6151 | D:7      | Killed Doomgape's ghost
  6151 | D:7      | Reached skill level 11 in Long Blades
  6903 | D:8      | Found a sand-covered staircase.
  7231 | D:8      | Found a basalt altar of Yredelemnul.
  7373 | D:8      | Reached ** piety under the Shining One
  7519 | D:8      | Found a staircase to the Lair.
  7528 | D:8      | Reached skill level 12 in Long Blades
  7528 | D:8      | Reached XP level 10. HP: 82/86 MP: 9/9
  8641 | D:10     | Entered Level 10 of the Dungeon
  8666 | D:10     | Reached *** piety under the Shining One
  8798 | D:10     | Noticed Josephine
  8809 | D:10     | Killed Josephine
  8812 | D:10     | Reached skill level 10 in Shields
  8847 | D:10     | Noticed Erica
  8866 | D:10     | Killed Erica
  8891 | D:10     | Noticed Erolcha
  8899 | D:10     | Killed Erolcha
  8899 | D:10     | Reached XP level 11. HP: 45/97 MP: 10/10
  9108 | D:10     | Reached skill level 13 in Long Blades
  9116 | D:10     | Found a staircase to the Orcish Mines.
  9130 | D:10     | Reached **** piety under the Shining One
  9255 | D:10     | Found Xogip's Jewellery Shop.
 10337 | D:11     | Noticed a hill giant
 10344 | D:11     | Killed a hill giant
 10392 | D:11     | Noticed an unseen horror
 10402 | D:11     | Killed an unseen horror
 10410 | D:11     | Found a frozen archway.
 10887 | D:11     | Noticed a green ugly thing
 10894 | D:11     | Killed a green ugly thing
 10926 | D:11     | Reached skill level 10 in Fighting
 11280 | D:12     | Noticed a hill giant
 11299 | D:12     | Killed a hill giant
 11819 | D:12     | Noticed a hill giant
 11826 | D:12     | Killed a hill giant
 11826 | D:12     | Reached skill level 14 in Long Blades
 11871 | D:12     | Noticed an unseen horror
 11885 | D:12     | Killed an unseen horror
 11885 | D:12     | Reached skill level 10 in Armour
 12064 | D:12     | Noticed an unseen horror
 12082 | D:12     | Killed an unseen horror
 12208 | D:12     | Noticed a seven-headed hydra
 12217 | D:12     | Killed a three-headed hydra
 12217 | D:12     | Reached XP level 12. HP: 108/108 MP: 11/11
 12904 | D:13     | Found a gate to the Vaults.
 12904 | D:13     | Noticed a vault guard
 12904 | D:13     | Noticed a vault guard
 12917 | D:13     | Killed a vault guard
 12934 | D:13     | Killed a vault guard
 13969 | D:14     | Noticed Nessos
 13980 | D:14     | HP: 4/112 [poisoned by Nessos]
 13981 | D:14     | Killed from afar by Nessos

Skill      XL: |  1  2  3  4  5  6  7  8  9 10 11 12 |
---------------+-------------------------------------+-----
Armour         | 4 5 6 7 8 10 11 | 11.1
Fighting       | 4 5 7 9 10 12 | 12.3
Long Blades    | 5 6 8 10 12 14 | 14.0
Shields        | 4 5 7 8 10 12 13 | 13.7
Stealth        | 1 |  1.3
Dodging        | 1 2 4 |  4.9

Action                   |  1- 3 |  4- 6 |  7- 9 | 10-12 || total
-------------------------+-------+-------+-------+-------++-------
Melee: Long sword        |   128 |   124 |   355 |   173 ||   780
       Headbutt          |    12 |    27 |    65 |    98 ||   202
       Scimitar          |       |       |       |   342 ||   342
Evoke: Wand              |       |       |       |     1 ||     1
  Use: Scroll            |     2 |     4 |     8 |     6 ||    20
       Potion            |     1 |       |    11 |     6 ||    18
 Stab: Invisible         |       |       |     1 |       ||     1
  Eat: Beef jerky        |       |     1 |       |     4 ||     5
       Pizza             |       |     1 |       |       ||     1
       Meat ration       |       |     1 |     3 |     4 ||     8
       Fruit             |       |       |       |     2 ||     2
Armor: Scale mail        |    13 |       |       |       ||    13
       Chain mail        |    23 |       |       |       ||    23
       Plate armour      |    36 |    52 |   166 |   152 ||   406
Dodge: Dodged            |    18 |    17 |    95 |   121 ||   251
Block: Shield            |   110 |    88 |   294 |   483 ||   975
       Reflection        |       |       |       |    10 ||    10
       Rpst.: Long sword |     6 |     3 |    26 |     7 ||    42
       Scimitar          |       |       |       |    26 ||    26
